cohdb
Replays
Latest Replays
All Replays
Popular Replays
Top Player Replays
Match Explorer
How It Works
Community
CoH3 Stats
Reddit
Sign in to upload your games and track your stats! →
Sign in with Steam
Match 30868844
Unlisted
Match 30868844
Overview
Messages
Build Orders
End
Construct Barracks
Riflemen Squad
Riflemen Squad
Riflemen Squad
Selects Armored Battlegroup
Selects Armored Battlegroup
Infantry Support Center
Selects Veteran Crews
Selects Fast Deploy
Construct Motor Pool
M8 Greyhound Armored Car
Selects M31 Recovery Vehicle
Engineer Squad
M1918 Browning Automatic Rifles
Selects M8 Scott SPG
M8 Scott SPG
Leave out all the rest
Miffy
Ashley
[TW]BIG CAT
[B2G] Sluchis III
1360190655
0
0
Comments
sign in to comment!
No comments posted yet!